[Event "ICCopen2016"]
[Site "Internet Chess Club"]
[Date "2016.06.04"]
[Round "9"]
[White "kvicc"]
[Black "chessrex"]
[Result "1-0"]
[ICCResult "Black forfeits on time"]
[WhiteElo "2168"]
[BlackElo "1939"]
[Opening "Lasker simul special"]
[ECO "A00"]
[NIC "VO.09"]
[Time "15:33:34"]
[TimeControl "180+0"]

1. g3 h5 2. Bg2 h4 3. d3 d6 4. Nc3 h3 5. Bf1 c6 6. e4 e5 7. Be3 Be6 8. f4 g6
9. Qf3 Qd7 10. Qf2 Nf6 11. Be2 Ng4 12. Bxg4 Bxg4 13. Nf3 Bxf3 14. Qxf3 Na6
15. Rg1 O-O-O 16. O-O-O Kb8 17. g4 exf4 18. Bxf4 Bh6 19. Rg3 Bxf4+ 20. Qxf4
Rh4 21. Rf1 Nc5 22. Qxf7 Qxf7 23. Rxf7 Rd7 24. Rff3 Ne6 25. Rf6 Nd4 26. Kd2
g5 27. Ne2 Nxe2 28. Kxe2 Kc7 29. Rg6 Rf7 30. Rxg5 Rh8 31. Rh5 Rhf8 32. Rhxh3
Rf2+ 33. Kd1 d5 34. exd5 cxd5 35. Re3 d4 36. Re2 Rf1+ 37. Kd2 Rb1 38. b3
Rff1 39. Rh7+ Kb6 40. Re6+ Ka5 41. Re5+ b5 42. Rf5 Rfe1 43. c4 Rbd1+ 44. Kc2
Rc1+ 45. Kb2 Rb1+ 46. Ka3 a6 47. cxb5 axb5 48. Rhh5 Kb6 49. Rxb5+ Kc6 50.
Rbc5+ Kd6 51. Rc4 Re8 52. Rxd4+ Kc6 53. Rc4+ Kd6 54. Rh6+ Kd5 55. Ra4 Rf1
56. Ra5+ Kd4 57. Rd6+ Kc3 58. Rc6+ Kd2 59. Rd5 Rb8 60. Ra6
{Black forfeits on time}
1-0

[Event "ICCopen2016"]
[Site "Internet Chess Club"]
[Date "2016.06.04"]
[Round "9"]
[White "saira"]
[Black "ncc-1701"]
[Result "0-1"]
[ICCResult "White forfeits on time"]
[WhiteElo "1781"]
[BlackElo "1949"]
[Opening "Sicilian defense"]
[ECO "B20"]
[NIC "SI.48"]
[Time "15:34:01"]
[TimeControl "180+0"]

1. e4 c5 2. c4 d6 3. d3 Nc6 4. Bg5 g6 5. Nc3 Bg7 6. Be2 Nf6 7. f4 O-O 8. Nf3
a6 9. a4 Rb8 10. O-O Bd7 11. Rb1 Nb4 12. h3 Nh5 13. Qd2 Ng3 14. Rfe1 h6 15.
Bh4 Nh5 16. g4 Nf6 17. e5 dxe5 18. fxe5 Nh7 19. Nd5 Nxd5 20. cxd5 Bxa4 21.
d6 g5 22. dxe7 Qxe7 23. Bg3 Bc6 24. Qe3 Rbd8 25. Bf1 Rfe8 26. Rbc1 b6 27. d4
Bxf3 28. Qxf3 Rxd4 29. Bxa6 Red8 30. e6 fxe6 31. Qc6 R4d6 32. Bxd6 Rxd6 33.
Qc8+ Nf8 34. Bc4 Bd4+ 35. Kg2 Kg7 36. Re4 e5 37. Rf1 Rf6 38. Rxf6 Qxf6 39.
Qf5 Qxf5 40. gxf5 Kf6 41. b3 Kxf5 42. Re1 Ng6 43. Rf1+ Nf4+ 44. Kf3 e4+ 45.
Kg3 Ke5 46. Rb1 e3 47. h4 e2 {White forfeits on time} 0-1

[Event "ICCopen2016"]
[Site "Internet Chess Club"]
[Date "2016.06.04"]
[Round "9"]
[White "TrendFriend"]
[Black "khekhm"]
[Result "1/2-1/2"]
[ICCResult "Game drawn because neither player has mating material"]
[WhiteElo "2511"]
[BlackElo "2602"]
[Opening "Sicilian: Nimzovich-Rubinstein variation"]
[ECO "B29"]
[NIC "SI.43"]
[Time "15:33:52"]
[TimeControl "180+0"]

1. e4 c5 2. Nf3 Nf6 3. Nc3 Nc6 4. e5 Ng4 5. Qe2 Qc7 6. Nd5 Qb8 7. d4 e6 8.
h3 exd5 9. hxg4 cxd4 10. Bf4 Qc7 11. O-O-O Bc5 12. Kb1 Qb6 13. Qd3 d6 14.
Rxh7 Rg8 15. exd6 Be6 16. Ne5 O-O-O 17. Nxc6 bxc6 18. Qa6+ Qxa6 19. Bxa6+
Kd7 20. Be5 Bxd6 21. Bxd4 Bxg4 22. f3 Bf5 23. Rhh1 f6 24. g4 Bg6 25. Bd3
Bxd3 26. Rxd3 c5 27. Bf2 Kc6 28. Rhd1 Bc7 29. c4 dxc4 30. Rxd8 Rxd8 31. Rxd8
Bxd8 32. Kc2 Kd5 33. Bg3 a6 34. f4 Bc7 35. Kc3 Ke4 36. Kxc4 Bxf4 37. Bf2 Kf3
38. Bxc5 Kxg4 39. b4 Bc7 40. a4 f5 41. b5 axb5+ 42. axb5 f4 43. Kd5 g5 44.
Kc6 Ba5 45. Kd5 Kf3 46. b6 Bxb6 47. Bxb6 g4 48. Bg1 g3 49. Ke5 Kg4 50. Ke4
f3 51. Ke3 f2 52. Bxf2 gxf2 53. Kxf2
{Game drawn because neither player has mating material}
1/2-1/2

[Event "ICCopen2016"]
[Site "Internet Chess Club"]
[Date "2016.06.04"]
[Round "9"]
[White "panom"]
[Black "rock700chess"]
[Result "0-1"]
[ICCResult "White forfeits on time"]
[WhiteElo "1673"]
[BlackElo "2017"]
[Opening "Ruy Lopez: Cozio defense deferred"]
[ECO "C70"]
[NIC "RL.09"]
[Time "15:33:43"]
[TimeControl "180+0"]

1. e4 e5 2. Nf3 Nc6 3. Bb5 a6 4. Ba4 Nge7 5. O-O g6 6. Bb3 Bg7 7. c3 d6 8.
Na3 O-O 9. Nc2 d5 10. exd5 Nxd5 11. Bxd5 Qxd5 12. d4 Bg4 13. dxe5 Bxf3 14.
Qxf3 Qxf3 15. gxf3 Nxe5 16. Nd4 c5 17. f4 cxd4 18. fxe5 dxc3 19. bxc3 Bxe5
20. Bb2 Rac8 21. Rac1 b5 22. Rfe1 Bf6 23. Ba3 Rfd8 24. Bb4 Rd2 25. a3 Bh4
26. Rf1 Rc4 27. Rcd1 Rg4+ 28. Kh1 Rxd1 29. Rxd1 Bxf2 30. Bd6 Re4 31. Kg2 Bh4
32. Bc5 Bf6 33. Rd6 Kg7 34. Rxa6 Bxc3 35. Rb6 Ra4 36. Rxb5 Bf6 37. Rb3 Be5
38. Bb4 f5 39. Re3 Kf6 40. Rd3 f4 41. Kf3 Kf5 42. Rd7 h5 43. Rf7+ Ke6 44.
Re7+ Kf6 45. Re8 g5 46. Rf8+ Ke6 47. Re8+ Kf5 48. Rf8+ Bf6 49. Be7 g4+ 50.
Kf2 Ra6 51. Bxf6 Rxf6 52. Rh8 Kg5 53. Rg8+ Kh4 54. a4 Ra6 55. Rf8 Rxa4 56.
Kg2 Ra2+ 57. Kg1 Ra4 58. Rf7 f3 59. Rf8 Ra2 60. Kh1 Re2 61. Kg1 Re6 62. Kf1
Kg5 63. Rg8+ Rg6 64. Rf8 h4 65. Kf2 Rf6 66. Rg8+ Kf4 67. Kf1 g3 68. h3 Rd6
69. Ke1 Rb6 70. Kd2 Rb2+ 71. Kc3 Re2 72. Rf8+ Ke3 73. Re8+ Kf2 74. Rf8 g2
75. Rg8 g1=Q 76. Rxg1 Kxg1 77. Kd4 Kg2 78. Kd5 Kxh3 79. Kd6 Kg2 80. Kc6 h3
81. Kc7 h2 82. Kb7 h1=Q 83. Kc8 Qd1 84. Kc7 Rc2+ 85. Kb7 Qb1+
{White forfeits on time}
0-1

[Event "ICCopen2016"]
[Site "Internet Chess Club"]
[Date "2016.06.04"]
[Round "9"]
[White "BigCol"]
[Black "PomaG12"]
[Result "0-1"]
[ICCResult "White forfeits on time"]
[WhiteElo "1732"]
[BlackElo "1495"]
[Opening "Queen's pawn game"]
[ECO "A46"]
[NIC "QP.05"]
[Time "15:33:45"]
[TimeControl "180+0"]

1. d4 Nf6 2. Nf3 e6 3. Bf4 d5 4. e3 Bd6 5. Ne5 O-O 6. Nd2 c5 7. c3 cxd4 8.
exd4 Nc6 9. Ndf3 h6 10. h3 a6 11. Bd3 b5 12. Nxc6 Qc7 13. Bxd6 Qxd6 14. Nce5
b4 15. O-O bxc3 16. bxc3 Rb8 17. Rb1 Bd7 18. Nxd7 Nxd7 19. Qd2 a5 20. Bc2 f5
21. Rxb8 Rxb8 22. c4 dxc4 23. Qxa5 Rb2 24. Rc1 Nf6 25. a4 Nd5 26. Qa8+ Kh7
27. Qe8 Nf4 28. Bd1 Qd5 29. Qc8 Rb4 30. a5 Nd3 31. Ra1 Nb2 32. a6 Nxd1 33.
Rxd1 Ra4 34. Qb7 Qa5 35. Rc1 f4 36. Ne5 Qxa6 37. Qxa6 Rxa6 38. Rxc4 Ra1+ 39.
Kh2 Rd1 40. h4 g5 41. hxg5 hxg5 42. Ng4 Kg7 43. Kh3 Kg6 44. Rb4 Kf5 45. g3
Rd2 46. Kg2 Kg6 47. Ne5+ Kf5 48. Nf3 Ke4 49. Nxg5+ Kd3 50. Nxe6 fxg3
{White forfeits on time}
0-1

[Event "ICCopen2016"]
[Site "Internet Chess Club"]
[Date "2016.06.04"]
[Round "9"]
[White "Antidrome"]
[Black "Dodgy"]
[Result "1-0"]
[ICCResult "Black checkmated"]
[WhiteElo "2613"]
[BlackElo "2060"]
[Opening "Two knights defense"]
[ECO "C56"]
[NIC "KP.02"]
[Time "15:33:39"]
[TimeControl "180+0"]

1. e4 e5 2. Nf3 Nc6 3. Bc4 Nf6 4. d4 exd4 5. O-O Nxe4 6. Re1 d5 7. Bxd5 Qxd5
8. Nc3 Qh5 9. Nxe4 Be6 10. Bg5 h6 11. Bf6 Qg6 12. Nh4 Qh7 13. Qh5 Ne7 14.
Qb5+ Bd7 15. Qxb7 Bc6 16. Nd6+ Kd7 17. Qb3 gxf6 18. Nxf7 Bd5 19. Rxe7+ Bxe7
20. Qxd5+ Bd6 21. Nxh8 Rxh8 22. Re1 Re8 23. Qb5+ c6 24. Qb7+ Bc7 25. Rxe8
Kxe8 26. Qc8+ Bd8 27. Nf5 Qd7 28. Qxd7+ Kxd7 29. Nxd4 Kd6 30. Kf1 Ke5 31.
Nf3+ Kf4 32. Ke2 Bb6 33. g3+ Ke4 34. h3 f5 35. c3 f4 36. Nd2+ Ke5 37. Kf3
fxg3 38. fxg3 Kd5 39. Ke2 Bc7 40. g4 Bf4 41. Nf3 Bc1 42. b3 Bb2 43. c4+ Kc5
44. Nh4 Kb4 45. Nf5 Bc1 46. Kd3 Ka3 47. Kc2 Bg5 48. Kb1 Bf4 49. Nd4 c5 50.
Nb5+ Kb4 51. Nxa7 Bg5 52. Nc6+ Kc3 53. a4 Kxb3 54. a5 Kxc4 55. a6 Kb5 56. a7
Kxc6 57. a8=Q+ Kd6 58. Qf3 c4 59. Kc2 Kc5 60. Qf5+ Kb4 61. Qf2 c3 62. h4 Kb5
63. hxg5 hxg5 64. Qf5+ Ka6 65. Qxg5 Ka7 66. Qe3+ Ka8 67. Qxc3 Kb7 68. Qb3+
Ka7 69. g5 Ka6 70. g6 Ka7 71. g7 Ka6 72. g8=Q Ka7 73. Qh8 Ka6 74. Qa8#
{Black checkmated}
1-0

[Event "ICCopen2016"]
[Site "Internet Chess Club"]
[Date "2016.06.04"]
[Round "9"]
[White "Towinning"]
[Black "airantrobo"]
[Result "1/2-1/2"]
[ICCResult "Game drawn because neither player has mating material"]
[WhiteElo "2333"]
[BlackElo "1623"]
[Opening "Queen's pawn: London system"]
[ECO "A45"]
[NIC "QP.07"]
[Time "15:33:40"]
[TimeControl "180+0"]

1. d4 Nf6 2. Bf4 e6 3. e3 c5 4. c3 Qb6 5. b3 Nc6 6. Nd2 cxd4 7. exd4 d5 8.
Bd3 Be7 9. h3 Bd7 10. Ngf3 a5 11. O-O O-O 12. Ne5 Rad8 13. Ndf3 h6 14. Bh2
Ne4 15. Qe1 Bf6 16. Rc1 a4 17. b4 Ne7 18. Bxe4 dxe4 19. Qxe4 Nd5 20. Nxd7
Rxd7 21. a3 Rc8 22. c4 Nc7 23. Rfd1 Ne8 24. Ne5 Nd6 25. Qe2 Rdd8 26. c5 Qa6
27. Qxa6 bxa6 28. cxd6 Rxc1 29. Rxc1 Rxd6 30. Rc8+ Kh7 31. Nf3 Rd5 32. Be5
Bxe5 33. Nxe5 f6 34. Nc6 Rd6 35. Kf1 Kg6 36. Ke2 Kf5 37. Ke3 g5 38. g4+ Kg6
39. Ne7+ Kf7 40. Nc6 f5 41. Rc7+ Kf6 42. Nb8 fxg4 43. hxg4 Rd5 44. Rc6 Kf7
45. Nxa6 e5 46. Nc5 exd4+ 47. Kd3 Re5 48. Nxa4 Re1 49. Kxd4 Rd1+ 50. Ke3 Rg1
51. f3 Ra1 52. Nc5 Rxa3+ 53. Kd4 Rxf3 54. b5 Rf4+ 55. Ke5 Rxg4 56. Rc7+ Ke8
57. Ke6 Kd8 58. Rh7 Rb4 59. Rb7 g4 60. b6 Kc8 61. Rg7 Rxb6+ 62. Kd5 Rb5 63.
Rxg4 Kc7 64. Rh4 Kb6 65. Rxh6+ Ka5 66. Ra6+ Kb4 67. Kd4 Rxc5 68. Rb6+ Rb5
69. Rxb5+ Kxb5 {Game drawn because neither player has mating material}
1/2-1/2

[Event "ICCopen2016"]
[Site "Internet Chess Club"]
[Date "2016.06.04"]
[Round "9"]
[White "ELVIS71"]
[Black "Supermister"]
[Result "0-1"]
[ICCResult "White forfeits on time"]
[WhiteElo "1685"]
[BlackElo "2060"]
[Opening "Scandinavian (center counter) defense"]
[ECO "B01"]
[NIC "VO.17"]
[Time "15:33:59"]
[TimeControl "180+0"]

1. e4 d5 2. Nc3 dxe4 3. Nxe4 Nd7 4. g3 Ngf6 5. Bg2 Nxe4 6. Bxe4 Nf6 7. Bg2
e6 8. d4 Be7 9. Ne2 O-O 10. O-O Rb8 11. h3 b6 12. c3 c5 13. Be3 Ba6 14. Re1
Nd5 15. Qd2 Nxe3 16. fxe3 Bb7 17. Nf4 Bxg2 18. Nxg2 Bd6 19. Nf4 e5 20. dxe5
Bxe5 21. Qxd8 Rbxd8 22. Rad1 g5 23. Nh5 f6 24. Kg2 Kf7 25. g4 c4 26. Ng3
Bxg3 27. Kxg3 Rfe8 28. Kf3 Ke6 29. e4 Ke5 30. Ke3 h5 31. Rd4 hxg4 32. hxg4
Rxd4 33. cxd4+ Ke6 34. Rh1 Re7 35. Rh8 Rc7 36. Re8+ Kd7 37. Rf8 Ke7 38. Rh8
Ke6 39. Re8+ Kf7 40. Rh8 Kg7 41. Re8 c3 42. bxc3 Rxc3+ 43. Kd2 Ra3 44. d5
Kf7 45. Rc8 Rxa2+ 46. Rc2 Rxc2+ 47. Kxc2 Ke7 {White forfeits on time} 0-1

[Event "ICCopen2016"]
[Site "Internet Chess Club"]
[Date "2016.06.04"]
[Round "9"]
[White "hgarjur"]
[Black "pulpocybort"]
[Result "0-1"]
[ICCResult "White forfeits on time"]
[WhiteElo "1835"]
[BlackElo "1664"]
[Opening "Sicilian: closed"]
[ECO "B24"]
[NIC "SI.44"]
[Time "15:34:08"]
[TimeControl "180+0"]

1. e4 c5 2. Nc3 g6 3. g3 Bg7 4. Bg2 Nc6 5. d3 e6 6. Be3 Nge7 7. Bxc5 d6 8.
Be3 O-O 9. Qd2 d5 10. exd5 exd5 11. d4 Bf5 12. Nge2 Nb4 13. Rc1 Nec6 14. a3
Na6 15. O-O Be6 16. Nf4 Re8 17. Nfxd5 Rc8 18. Rfd1 Qd7 19. Nf4 Bg4 20. f3
Bf5 21. g4 Bxg4 22. fxg4 Qxg4 23. Nce2 Ne7 24. Bf2 Rcd8 25. c3 Nf5 26. Ng3
Nh4 27. Bxb7 Nc5 28. Bc6 Nb3 29. Qc2 Qxf4 30. Qxb3 Re6 31. Bd5 Rf6 32. Rf1
Bh6 33. Rce1 Rxd5 34. Qxd5 Nf3+ 35. Kg2 Qh4 36. Rh1 Bd2 37. Re2 Bg5 38. Qd8+
Kg7 39. Qd5 Bh6 40. Be3 Bxe3 41. Rxe3 Ng5 42. Re4 Qh3+ 43. Kg1 Nf3+ 44. Kf2
Nxd4+ 45. Ke3 Nc2+ 46. Kd2 Qg2+ 47. Kd3 Rf3+ 48. Kc4 Nxa3+ 49. Kb3 Nc4 50.
Qe5+ Rf6 51. Qxf6+ Kxf6 52. Kxc4 Qe2+ {White forfeits on time} 0-1

[Event "ICCopen2016"]
[Site "Internet Chess Club"]
[Date "2016.06.04"]
[Round "9"]
[White "PITCHUS"]
[Black "Biscuetz"]
[Result "0-1"]
[ICCResult "White forfeits on time"]
[WhiteElo "1858"]
[BlackElo "1606"]
[Opening "Réti opening"]
[ECO "A04"]
[NIC "QP.11"]
[Time "15:33:49"]
[TimeControl "180+0"]

1. Nf3 e6 2. g3 c5 3. Bg2 d5 4. c4 Nf6 5. cxd5 exd5 6. d4 cxd4 7. Nxd4 Nc6
8. O-O Be7 9. Nc3 O-O 10. Nb3 Be6 11. Bg5 Qd7 12. Bxf6 Bxf6 13. Bxd5 Bxd5
14. Qxd5 Qxd5 15. Nxd5 Bxb2 16. Rab1 Be5 17. Nc5 b6 18. Nd7 Rfe8 19. Nxe5
Rxe5 20. Ne3 Rd8 21. Rfc1 Nd4 22. Kf1 g6 23. Rd1 Ree8 24. Ng4 Kg7 25. e3 Ne6
26. Ne5 Nc5 27. Nc6 Rxd1+ 28. Rxd1 a5 29. Nd4 Na4 30. Rb1 Rb8 31. Kg2 Nc3
32. Rb2 b5 33. Nc6 Ra8 34. Rb3 b4 35. a3 Ra6 36. Nd4 Nd5 37. e4 a4 38. Rd3
Nf6 39. axb4 a3 40. f3 a2 41. Nc2 a1=Q 42. Nxa1 Rxa1 43. Rb3 Ra7 44. b5 Rb7
45. Kf2 Nd7 46. Ke3 Ne5 47. f4 Nc4+ 48. Kd4 Nd6 49. Kc5 Nxe4+ 50. Kc6 Rb8
51. b6 Nf6 52. b7 Re8 53. b8=Q Rxb8 54. Rxb8 h5 55. Rb7 Ng4 56. Kd6 Nf6 57.
Ke7 Ne4 {White forfeits on time} 0-1

[Event "ICCopen2016"]
[Site "Internet Chess Club"]
[Date "2016.06.04"]
[Round "9"]
[White "Mormegil"]
[Black "MrGioMu"]
[Result "1-0"]
[ICCResult "Black forfeits on time"]
[WhiteElo "1676"]
[BlackElo "1838"]
[Opening "Robatsch defense: Geller's system"]
[ECO "A04"]
[NIC "QP.11"]
[Time "15:34:34"]
[TimeControl "180+0"]

1. Nf3 g6 2. e4 Bg7 3. d4 d6 4. c3 Nc6 5. Be3 Bd7 6. Qd2 e5 7. Na3 h6 8. Nc2
f5 9. Bd3 f4 10. Bxf4 exf4 11. Qxf4 Nf6 12. Qg3 O-O 13. Qxg6 Ne7 14. Qg3 Nh5
15. Qh4 Nf4 16. O-O-O Neg6 17. Qg3 Nxd3+ 18. Rxd3 Nf4 19. Re3 Qf6 20. e5 Qf5
21. exd6 cxd6 22. Re7 Rf7 23. Rhe1 Raf8 24. Ne3 Qd3 25. Rxf7 Rxf7 26. Qh4
Ne2+ 27. Rxe2 Qxe2 28. Qd8+ Kh7 29. Qh4 Rxf3 30. gxf3 Qxf3 31. Qe7 Qxf2 32.
a3 Bc6 33. d5 Ba4 34. Qe4+ Kh8 35. Qe8+ Bxe8 36. Nc2 Qf1+ 37. Kd2 Bf6 38. c4
Bg5+ 39. Kc3 Bg6 40. Nd4 Qd3+ 41. Kb4 Qxd4 42. a4 Bd2+ 43. Ka3
{Black forfeits on time}
1-0

[Event "ICCopen2016"]
[Site "Internet Chess Club"]
[Date "2016.06.04"]
[Round "9"]
[White "ChAn"]
[Black "HeyBooBooULose"]
[Result "1-0"]
[ICCResult "Black forfeits on time"]
[WhiteElo "1478"]
[BlackElo "1328"]
[Opening "Petrov: classical attack"]
[ECO "C42"]
[NIC "RG.04"]
[Time "15:34:02"]
[TimeControl "180+0"]

1. e4 e5 2. Nf3 Nf6 3. Nxe5 Nxe4 4. d4 d6 5. Nf3 Bg4 6. Bd3 d5 7. h3 Bf5 8.
g4 Bg6 9. Bf4 Bd6 10. Bxd6 Nxd6 11. Bxg6 hxg6 12. Nbd2 Nc6 13. Qe2+ Qe7 14.
Qxe7+ Kxe7 15. O-O-O Rae8 16. c3 Kd7 17. Rde1 f6 18. Rxe8 Nxe8 19. Kd1 Nd6
20. g5 Ne4 21. Nxe4 dxe4 22. Nd2 f5 23. Nc4 b5 24. Ne3 Rh4 25. Ke2 b4 26.
Ng2 Rh7 27. Nf4 bxc3 28. bxc3 Ne7 29. Rb1 a5 30. Rb5 Nc6 31. d5 Ne5 32. Rxa5
Nc4 33. Nxg6 Rxh3 34. Ra4 Rxc3 35. Ra6 Rc2+ 36. Ke1 Rd2 37. Nf8+ Ke7 38. Ne6
Rxd5 39. Nxc7 Rc5 40. Ra7 Kd6 41. Na6 Rc6 42. Nb4 Rb6 43. Nc2 Ke5 44. Rxg7
Kf4 45. g6 Rb1+ 46. Ke2 Rb2 47. Kd1 Rxa2 48. Nd4 Ra1+ 49. Kc2 Ra2+ 50. Kb3
Rxf2 51. Kxc4 e3 52. Re7 Rg2 53. g7 e2 54. Nxe2+ Kf3 55. Nd4+ Kf2 56. Ne6
Rg4+ 57. Kd5 Rg6 58. Re8 f4 59. g8=Q Rxg8 60. Rxg8 f3 61. Nd4 Kf1 62. Nxf3
Kf2 63. Nh4 Kf1 64. Rg2 Ke1 65. Kd4 {Black forfeits on time} 1-0

[Event "ICCopen2016"]
[Site "Internet Chess Club"]
[Date "2016.06.04"]
[Round "9"]
[White "Rammstein"]
[Black "B-Alqudaimi"]
[Result "0-1"]
[ICCResult "White forfeits on time"]
[WhiteElo "2137"]
[BlackElo "2416"]
[Opening "Queen's pawn: London system"]
[ECO "A45"]
[NIC "QP.07"]
[Time "15:33:48"]
[TimeControl "180+0"]

1. d4 Nf6 2. Bf4 d5 3. e3 c6 4. c4 e6 5. Nc3 Nbd7 6. h3 Be7 7. Nf3 O-O 8.
Bd3 b6 9. cxd5 exd5 10. O-O Bb7 11. a4 a5 12. Qe2 Re8 13. Rac1 Nf8 14. Ne5
N6d7 15. Qg4 Nxe5 16. Bxe5 Ng6 17. Bg3 Bc8 18. Qf3 Bd7 19. Rfd1 Bb4 20. Ne2
c5 21. b3 c4 22. bxc4 Bxa4 23. Rf1 Bc6 24. cxd5 Bxd5 25. e4 Bb7 26. Bc7 Qf6
27. Qxf6 gxf6 28. f3 Ba6 29. Bxa6 Rxa6 30. Rc6 f5 31. e5 a4 32. Rxb6 Rxb6
33. Bxb6 a3 34. Ra1 Ra8 35. Kf2 Ne7 36. Nf4 Bc3 37. Ra2 Bb2 38. Ke3 Nc6 39.
Nd3 Rb8 40. Bc5 Rb3 41. Kd2 Bxd4 42. Rxa3 Rb5 43. Bxd4 Nxd4 44. Ra8+ Kg7 45.
Ke3 Ne6 46. f4 Rb3 47. Kd2 h5 48. g3 Rb1 49. Ra7 Rg1 50. Ke3 Rxg3+ 51. Kd2
Rxh3 52. Rd7 Kg6 53. Re7 h4 54. Re8 Kg7 {White forfeits on time} 0-1

[Event "ICCopen2016"]
[Site "Internet Chess Club"]
[Date "2016.06.04"]
[Round "9"]
[White "OparinGrigoriy"]
[Black "Creedence"]
[Result "1-0"]
[ICCResult "Black checkmated"]
[WhiteElo "2822"]
[BlackElo "3024"]
[Opening "Caro-Kann: two knights, 3...Bg4"]
[ECO "B11"]
[NIC "CK.01"]
[Time "15:33:42"]
[TimeControl "180+0"]

1. e4 c6 2. Nc3 d5 3. Nf3 Bg4 4. h3 Bxf3 5. Qxf3 e6 6. g3 Nd7 7. Bg2 Bd6 8.
d4 Ne7 9. O-O O-O 10. Qe2 b5 11. Rd1 b4 12. Nb1 a5 13. Nd2 Qb6 14. Nf3 dxe4
15. Qxe4 Nf6 16. Qe2 Ned5 17. Ne5 a4 18. Nc4 Qa6 19. Bf1 Be7 20. Ne5 Qxe2
21. Bxe2 a3 22. Nxc6 axb2 23. Nxe7+ Nxe7 24. Bxb2 Rfc8 25. Rdc1 Nfd5 26. a3
bxa3 27. Bxa3 Nf5 28. Bc5 Nc3 29. Bf3 Rab8 30. Ra3 Nb5 31. Rd3 Rd8 32. c3 h6
33. Kg2 Nbd6 34. Bxd6 Rxd6 35. h4 Rb2 36. Re1 g6 37. Re2 Rb3 38. h5 g5 39.
Be4 Ng7 40. Red2 Nxh5 41. c4 Rxd3 42. Rxd3 Nf6 43. c5 Rd7 44. Ba8 Ra7 45.
Bc6 Rc7 46. Ba8 Kf8 47. Rb3 Ke7 48. Rb8 h5 49. Bf3 Rd7 50. Rb4 g4 51. Bb7
Rc7 52. Ba8 Nd7 53. Ra4 e5 54. dxe5 Nxe5 55. Ra5 f6 56. Be4 Ke6 57. c6 Kd6
58. Rb5 Ke6 59. Rc5 f5 60. Bd5+ Kd6 61. Ra5 Re7 62. Rb5 Rc7 63. Ra5 Nd3 64.
Rb5 f4 65. Be4 f3+ 66. Kg1 Nc5 67. Bg6 Re7 68. Bxh5 Re1+ 69. Kh2 Re4 70.
Rxc5 Kxc5 71. c7 Kd4 72. Bxg4 Re2 73. c8=Q Rxf2+ 74. Kh3 Rf1 75. Qd7+ Ke3
76. Qe6+ Kf2 77. Qa2+ Kg1 78. Qh2# {Black checkmated} 1-0

[Event "ICCopen2016"]
[Site "Internet Chess Club"]
[Date "2016.06.04"]
[Round "9"]
[White "Hell-Rell"]
[Black "EirikG"]
[Result "1-0"]
[ICCResult "Black resigns"]
[WhiteElo "2209"]
[BlackElo "2499"]
[Opening "Sicilian: Pelikan, Chelyabinsk variation"]
[ECO "B33"]
[NIC "SI.37"]
[Time "15:33:57"]
[TimeControl "180+0"]

1. e4 c5 2. Nf3 Nc6 3. d4 cxd4 4. Nxd4 Nf6 5. Nc3 e5 6. Ndb5 d6 7. Bg5 a6 8.
Na3 b5 9. Nd5 Qa5+ 10. Bd2 Qd8 11. Bg5 Be7 12. Bxf6 Bxf6 13. c3 Ne7 14.
Nxf6+ gxf6 15. Nc2 Bb7 16. Bd3 d5 17. Qe2 f5 18. O-O-O fxe4 19. Bxe4 Qb6 20.
Bf3 e4 21. Rhe1 O-O-O 22. Bg4+ f5 23. Bh3 Qf6 24. Nd4 Kb8 25. Qh5 f4 26. g3
f3 27. Kb1 Ng6 28. Qf5 Rhf8 29. Qxf6 Rxf6 30. Nb3 Rdf8 31. a4 Ne5 32. axb5
axb5 33. Bf1 b4 34. cxb4 Ng4 35. Nc5 Nxf2 36. Rd2 Ng4 37. Nd7+ Kc7 38. Nxf8
Rxf8 39. Rc1+ Kb6 40. Rc5 e3 41. Rdc2 e2 42. Bxe2 fxe2 43. Rxe2 Nf6 44. Re6+
Ka7 45. Rc7 Kb8 46. Ree7 Bc8 47. Rc5 Nd7 48. Rxd5 Rf2 49. Rdxd7 Bxd7 50.
Rxd7 Rxh2 51. Rg7 h5 52. Ka2 Rg2 53. Rh7 Rxg3 54. Rxh5 Kb7 55. Rh6 Ka7 56.
b3 Kb7 57. Ka3 Rg1 58. Ka4 Rg5 59. b5 Rg1 60. Ka5 Ra1+ 61. Kb4 Rg1 62. Kc5
Rg5+ 63. Kb4 Rg4+ 64. Ka5 Rg7 65. Ra6 Rg1 66. Rh6 Ra1+ 67. Kb4 Rg1 68. Rh7+
Kb6 69. Rh6+ Kb7 70. Rc6 Rg5 71. Rc4 Rg1 72. Rc6 Rf1 73. Rc4 Rg1 74. Ka5
Ra1+ 75. Kb4 Rg1 76. Rh4 Rf1 77. Rc4 Kb6 78. Rc6+ Kb7 79. Rc2 Rf4+ 80. Ka5
Rf1 81. b6 Ra1+ 82. Kb5 Rg1 83. Rc7+ Kb8 84. b4 Rg6 85. Rc5 Rg1 86. Kc6 Rb1
87. Kb5 Ra1 88. Rh5 Rh1 89. Rxh1 Kb7 90. Rh7+ {Black resigns} 1-0

[Event "ICCopen2016"]
[Site "Internet Chess Club"]
[Date "2016.06.04"]
[Round "9"]
[White "shredded"]
[Black "ARMCOMPOSER"]
[Result "1-0"]
[ICCResult "Black resigns"]
[WhiteElo "2822"]
[BlackElo "2970"]
[Opening "QGD semi-Slav: Stoltz variation"]
[ECO "D45"]
[NIC "SL.08"]
[Time "15:34:15"]
[TimeControl "180+0"]

1. d4 d5 2. c4 c6 3. Nc3 Nf6 4. e3 e6 5. Nf3 Nbd7 6. Qc2 Bd6 7. b3 O-O 8.
Bb2 Qe7 9. Be2 b6 10. O-O Bb7 11. Rad1 Rad8 12. Bd3 Rfe8 13. Rfe1 h6 14. e4
dxc4 15. Bxc4 e5 16. d5 cxd5 17. Nxd5 Nxd5 18. Bxd5 Bxd5 19. Rxd5 Nf6 20.
Rd3 Bb4 21. Red1 Nxe4 22. Rxd8 Rxd8 23. Rxd8+ Qxd8 24. a3 Bf8 25. Qxe4 Qd1+
26. Qe1 Qxb3 27. Qxe5 Qd1+ 28. Qe1 Qb3 29. Qc1 b5 30. h3 a5 31. Qc3 Qd1+ 32.
Kh2 b4 33. axb4 axb4 34. Qd4 Qc2 35. Ne5 Qc7 36. f4 b3 37. Qd5 g5 38. Qxb3
gxf4 39. Qc3 Qxc3 40. Bxc3 Bg7 41. Bd4 Bf6 42. Nf3 Be7 43. Be5 Ba3 44. Bxf4
Kh7 45. Kg3 Kg6 46. Ne5+ Kg7 47. Kg4 Bb2 48. Kf5 Ba3 49. Ng4 h5 50. Nf6 Be7
51. Nxh5+ Kg8 52. g4 Ba3 53. g5 Bb2 54. Nf6+ Kg7 55. h4 Kh8 56. h5 Kg7 57.
Be5 Kh8 58. Bxb2 Kg7 59. Ng4+ Kh7 60. Bc1 Kg8 61. Kf6 Kh8 62. Kxf7 Kh7 63.
g6+ {Black resigns} 1-0

[Event "ICCopen2016"]
[Site "Internet Chess Club"]
[Date "2016.06.04"]
[Round "9"]
[White "LordofSwords"]
[Black "daskapitallesen"]
[Result "1-0"]
[ICCResult "Black resigns"]
[WhiteElo "2102"]
[BlackElo "1775"]
[Opening "French: Winawer (Nimzovich) variation"]
[ECO "C15"]
[NIC "FR.08"]
[Time "15:34:20"]
[TimeControl "180+0"]

1. e4 e6 2. d4 d5 3. Nc3 Bb4 4. a3 Bxc3+ 5. bxc3 dxe4 6. Qg4 Nf6 7. Qxg7 Rg8
8. Qh6 Rg6 9. Qe3 b6 10. Ne2 Bb7 11. Nf4 Rg8 12. Be2 Nc6 13. Bb2 Qd6 14. c4
O-O-O 15. Rd1 Ne7 16. O-O Nf5 17. c5 Nxe3 18. cxd6 Nxd1 19. Rxd1 cxd6 20. c4
d5 21. c5 bxc5 22. dxc5 Nd7 23. Rc1 Bc6 24. Ba6+ Kc7 25. Bc3 Nb8 26. Ba5+
Kd7 27. Bxd8 Nxa6 28. Bf6 Rb8 29. Be5 Rb3 30. h3 Rxa3 31. Nh5 h6 32. Nf6+
Kd8 33. Bf4 Ra5 34. Bxh6 Nb4 35. Be3 Nd3 36. Rc2 Ra1+ 37. Kh2 a5 38. h4 Ne5
39. h5 a4 40. Bd4 Nd7 41. Bxa1 d4 42. Bxd4 e3 43. fxe3 e5 44. Nxd7 exd4 45.
Ne5 dxe3 46. Nxc6+ Kc7 47. Nb4 a3 48. h6 a2 49. Rxa2 e2 50. Rxe2 {Black
resigns} 1-0

[Event "ICCopen2016"]
[Site "Internet Chess Club"]
[Date "2016.06.04"]
[Round "9"]
[White "muhit"]
[Black "ivancele"]
[Result "0-1"]
[ICCResult "White forfeits on time"]
[WhiteElo "1767"]
[BlackElo "1544"]
[Opening "Old Indian defense"]
[ECO "A42"]
[NIC "OI.07"]
[Time "15:34:07"]
[TimeControl "180+0"]

1. d4 d6 2. c4 f5 3. Nc3 Nf6 4. d5 g6 5. f3 Bg7 6. e4 fxe4 7. fxe4 Nbd7 8.
Nf3 O-O 9. Bd3 c6 10. O-O Qb6+ 11. Kh1 Ng4 12. Qe2 Nde5 13. Bc2 Nxf3 14.
gxf3 Ne5 15. Bb3 Bh3 16. Rf2 Rae8 17. Be3 Qa5 18. Rg1 a6 19. Rg3 Bc8 20. Kg2
c5 21. f4 Nd7 22. Bd2 Qd8 23. Bc2 Kh8 24. Re3 Rf7 25. e5 dxe5 26. fxe5 Rxf2+
27. Kxf2 Rf8+ 28. Kg2 Qc7 29. d6 exd6 30. Nd5 Qb8 31. e6 Ne5 32. e7 Re8 33.
Bc3 Be6 34. Bxe5 dxe5 35. Be4 Bxd5 36. Bxd5 Rxe7 37. Re4 Qd6 38. Qg4 Qf6 39.
Re2 Qf8 40. Rf2 Qd8 41. Qg5 b5 42. b3 Qe8 43. Rf3 bxc4 {White forfeits on
time} 0-1